 Dungeon Crawl Stone Soup version 0.17.1-1-g73c8601 (webtiles) character file.

1395 PossumBlood the Carver (level 8, -1/73 HPs)
             Began as a Minotaur Fighter on Dec 29, 2015.
             Was an Initiate of Okawaru.
             Slain by a crimson imp (2 damage)
             ... on level 5 of the Dungeon on Jan 3, 2016.
             The game lasted 00:17:29 (4520 turns).

PossumBlood the Carver (Minotaur Fighter)           Turns: 4520, Time: 00:17:29

Health: -1/73      AC: 11    Str: 23    XL:     8   Next: 41%
Magic:  7/7        EV:  9    Int:  5    God:    Okawaru [......]
Gold:   297        SH:  9    Dex: 10    Spells: 0 memorised, 7 levels left

rFire  . . .     SeeInvis .     a - +2 long sword
rCold  . . .     Clarity  .     B - +0 plate armour
rNeg   . . .     SustAt   .     c - +0 shield
rPois  .         Gourm    .     (helmet restricted)
rElec  .         Spirit   .     (no cloak)
rCorr  +         Warding  .     (no gloves)
rMut   .         Stasis   .     (no boots)
MR     .....                    i - amulet of resist corrosion
Stlth  ..........               p - +1 ring of evasion
                                h - +4 ring of evasion

@: not resistant to hostile enchantments, extremely unstealthy
A: retaliatory headbutt, horns 2
a: Renounce Religion


You were on level 5 of the Dungeon.
You worshipped Okawaru.
Okawaru was noncommittal.
You were not hungry.

You visited 2 branches of the dungeon, and saw 6 of its levels.
You also visited: Ossuary.

You collected 297 gold pieces.

Inventory:

Hand Weapons
 a - a +2 long sword (weapon)
Armour
 b - a cursed -2 large shield
 c - a +0 shield (worn)
 B - a +0 plate armour (worn)
Jewellery
 e - an uncursed amulet of clarity
 h - a +4 ring of evasion (left hand)
 i - an amulet of resist corrosion (around neck)
 p - a +1 ring of evasion (right hand)
Wands
 n - a wand of random effects (19)
 s - a wand of disintegration (7)
 y - a wand of slowing (18)
 z - a wand of draining (13)
Scrolls
 j - 5 scrolls of identify
 k - 3 scrolls of teleportation
 l - a scroll of amnesia
 m - 3 scrolls of fear
 q - 2 scrolls of enchant weapon
 r - a scroll of remove curse
 C - a scroll of blinking {unknown}
 D - 2 scrolls of enchant armour {unknown}
 G - a scroll of fog {unknown}
Potions
 d - 2 potions of might
 g - 4 potions of curing
 o - 4 potions of heal wounds
 t - a potion of magic {unknown}
 u - a potion of invisibility {unknown}
 w - 2 potions of degeneration {unknown}
 x - a potion of agility {unknown}
 E - a potion of flight {unknown}
 F - a potion of poison {unknown}
Comestibles
 f - 2 meat rations
 v - 2 bread rations


   Skills:
 + Level 7.2 Fighting
 * Level 10.8 Long Blades
 - Level 3.6 Armour
 - Level 3.6 Shields


You had 7 spell levels left.
You didn't know any spells.

Dungeon Overview and Level Annotations

Branches:
Dungeon (5/15)             Temple (1/1) D:5

Altars:
Ashenzari
Cheibriados
Dithmenos
Elyvilon
Fedhas
Gozag
Kikubaaqudgha
Makhleb
Nemelex Xobeh
Okawaru
Qazlal
Ru
Sif Muna
Trog
Xom
Yredelemnul
Zin
The Shining One

Annotations:
D:5 Prince Ribbit


Innate Abilities, Weirdness & Mutations

You reflexively headbutt those who attack you in melee.
You have a pair of horns on your head.


Message History

Prince Ribbit momentarily phases out as your attack passes through him.
Prince Ribbit is severely wounded.
Prince Ribbit misses you.
The crimson imp hits you but does no damage.
Prince Ribbit hits you!
* * * LOW HITPOINT WARNING * * *
Prince Ribbit momentarily phases out as your attack passes through him.
Your headbutt passes through Prince Ribbit as he momentarily phases out.
Prince Ribbit is severely wounded.
Prince Ribbit hits you but does no damage.
The crimson imp hits you but does no damage.
Prince Ribbit momentarily phases out as your attack passes through him.
Prince Ribbit is severely wounded.
You block Prince Ribbit's attack. You block the crimson imp's attack.
You miss Prince Ribbit.
Prince Ribbit is severely wounded.
Prince Ribbit hits you!
* * * LOW HITPOINT WARNING * * *
The crimson imp hits you.
You die...

..# ..## ... #. ..# #. ##..# .
.## #.##...## ## ...
###....###...5...#..# .###
#.##....##...@....... ###...
.###'###.......F........ ..#._.
...........##........... ##...##
#####..##..##.......#..###.+####.
...............#...#.###...^#.#..
######..8.8.8..######......##.##.
#...⌠.⌠...# #......#...#.
##.8.>÷8..# #.....##...##
#..⌠.⌠...######.....#.....#


You could see Prince Ribbit and a crimson imp.

Vanquished Creatures
  Grinder (D:3)
  Sigmund (D:5)
  Edmund (D:5)
  An ice beast (D:5)
  A sky beast (D:5)
  A scorpion (D:4)
  2 hounds (D:4)
  Ijyb (D:2)
  4 orc wizards
  A jelly (D:5)
  Terence (D:2)
  2 iguanas (D:4)
  2 worker ants
  3 big kobold zombies (Ossuary)
  2 mummies
  6 adders
  4 river rats (D:4)
  A shadow imp (D:5)
  An adder zombie (D:4)
  2 worms
  4 giant geckos
  15 orcs
  2 spectral bats (Ossuary)
  8 bats
  2 bat simulacra (Ossuary)
  6 giant cockroaches
  9 goblins
  12 hobgoblins
  9 jackals
  8 kobolds
  2 quokkas
  A ball python skeleton (D:4)
  4 giant newts
  9 gnoll zombies (Ossuary)
  3 goblin simulacra (Ossuary)
  4 goblin zombies (Ossuary)
  5 hobgoblin zombies (Ossuary)
  2 kobold simulacra (Ossuary)
  4 kobold zombies (Ossuary)
  5 orc zombies (Ossuary)
  A quokka skeleton (D:4)
  7 rats
  2 rat simulacra (Ossuary)
  3 spectral goblins (Ossuary)
  8 spectral rats (Ossuary)
  A plant (D:4)
174 creatures vanquished.

Vanquished Creatures (others)
  A plant (D:4)
1 creature vanquished.

Grand Total: 175 creatures vanquished

Notes
Turn   | Place    | Note
--------------------------------------------------------------
     0 | D:1      | PossumBlood the Minotaur Fighter began the quest for the Orb.
     0 | D:1      | Reached XP level 1. HP: 19/19 MP: 0/0
   150 | D:1      | Reached XP level 2. HP: 23/26 MP: 1/1
   376 | D:1      | Reached skill level 4 in Long Blades
   631 | D:2      | Reached XP level 3. HP: 28/31 MP: 2/2
   782 | D:2      | Noticed Ijyb
   790 | D:2      | Killed Ijyb
   790 | D:2      | Reached skill level 5 in Long Blades
   811 | D:2      | Reached XP level 4. HP: 36/39 MP: 3/3
   926 | D:2      | Noticed Terence
   933 | D:2      | Killed Terence
  1238 | D:2      | Reached skill level 6 in Long Blades
  1610 | D:3      | Reached XP level 5. HP: 42/45 MP: 4/4
  1698 | D:3      | Noticed Grinder
  1708 | D:3      | Killed Grinder
  1708 | D:3      | Reached skill level 7 in Long Blades
  1708 | D:3      | Reached XP level 6. HP: 16/53 MP: 5/5
  2303 | D:4      | Reached skill level 8 in Long Blades
  2365 | D:4      | Reached skill level 5 in Fighting
  2479 | D:4      | Found a deep blue altar of Sif Muna.
  2507 | D:4      | Reached XP level 7. HP: 58/61 MP: 6/6
  2872 | D:4      | Reached skill level 9 in Long Blades
  3348 | D:5      | Entered Level 5 of the Dungeon
  3590 | D:5      | Noticed Edmund
  3591 | D:5      | Noticed Prince Ribbit
  3610 | D:5      | Killed Edmund
  3871 | D:5      | Noticed Sigmund
  3889 | D:5      | Killed Sigmund
  3889 | D:5      | Reached skill level 10 in Long Blades
  3889 | D:5      | Reached XP level 8. HP: 62/71 MP: 7/7
  3898 | D:5      | Found a shattered altar of Ashenzari.
  3966 | D:5      | Found a staircase to the Ecumenical Temple.
  3990 | D:5      | Found a sand-covered staircase.
  3996 | Ossuary  | Entered an ossuary
  4346 | Temple   | Entered the Ecumenical Temple
  4448 | Temple   | Became a worshipper of Warmaster Okawaru
  4520 | D:5      | HP: 1/73 [Prince Ribbit (8)]
  4520 | D:5      | Slain by a crimson imp

Action                   |  1- 3 |  4- 6 |  7- 9 || total
-------------------------+-------+-------+-------++-------
Melee: Long sword        |    74 |   186 |   247 ||   507
  Use: Scroll            |       |     4 |     4 ||     8
  Eat: Bread ration      |       |     1 |       ||     1
       Meat ration       |       |     1 |       ||     1
       Fruit             |       |       |     3 ||     3
